 Dungeon Crawl Stone Soup version 0.29.1 (webtiles) character file.

Game seed: 6408979406621166597

50205 swilekon the Basher (level 14, -2/101 HPs)
             Began as an Octopode Monk on Sept 13, 2022.
             Was the Champion of Okawaru.
             Slain by a necromancer
             ... wielding a +0 dagger
              (4 damage)
             ... on level 15 of the Dungeon on Sept 14, 2022.
             The game lasted 01:30:43 (33301 turns).

swilekon the Basher (Octopode Monk)                Turns: 33301, Time: 01:30:43

Health: -2/101     AC:  0    Str: 22    XL:     14   Next: 54%
Magic:  0/21       EV: 21    Int: 16    God:    Okawaru [******]
Gold:   899        SH: 16    Dex: 23    Spells: 13/13 levels left

rFire   . . .      SeeInvis .   f - +8 flail of Unreason {freeze, +Blink Dex+5}
rCold   . . .      Faith    .   D - +3 kite shield "Rozuc" {-Tele rPois Regen+ Str+4}
rNeg    + . .      Spirit   +   y - -1 hat of Okawaru's Anger {Dex+4 Stlth+}
rPois   +          Reflect  .   e - amulet of guardian spirit
rElec   .          Harm     .   j - +6 ring of strength
rCorr   .          Rampage  .   c - ring "Ven Tidgh" {rN+ Slay+4}
Will    +....      Clarity  +   (no ring)
Stlth   +++++..... NoTele   +   (no ring)
HPRegen 1.06/turn               (no ring)
MPRegen 0.17/turn               (no ring)
                                (no ring)
                                (no ring)

@: no status effects
A: almost no armour, amphibious, 8 rings, camouflage 1, gelatinous body 1,
(nimble swimmer 1), tentacles, clarity, clever 1, weak 1
a: Renounce Religion, Evoke Blink, Heroism, Finesse, Duel


You were on level 15 of the Dungeon.
You worshipped Okawaru.
Okawaru was exalted by your worship.
You visited 5 branches of the dungeon, and saw 20 of its levels.

You collected 1578 gold pieces.
You spent 679 gold pieces at shops.

Inventory:

Hand Weapons
 f - the +8 flail of Unreason (weapon) {freeze, +Blink Dex+5}
   (You bought it in a shop on level 6 of the Dungeon)

   It freezes those it strikes, dealing additional cold damage.
   It can also slow down cold-blooded creatures.
   Dex:       It affects your dexterity (+5).
   +Blink:    It lets you blink.
 p - the +9 mace of Keuhis {drain, rElec Will+ Dex+2}
   (Okawaru gifted it to you on level 10 of the Dungeon)

   A truly terrible weapon, it drains the life of any living foe it strikes.
   Dex:       It affects your dexterity (+2).
   rElec:     It insulates you from electricity.
   Will:      It increases your willpower.
Armour
 n - the +12 tower shield of the Sun {rN+}
   (Okawaru gifted it to you on level 13 of the Dungeon)

   rN:        It protects you from negative energy.
 v - a +0 buckler
 y - the -1 hat of Okawaru's Anger (worn) {Dex+4 Stlth+}
   (Okawaru gifted it to you on level 7 of the Dungeon)

   Dex:       It affects your dexterity (+4).
   Stlth:     It makes you more stealthy.
 D - the +3 kite shield "Rozuc" (worn) {-Tele rPois Regen+ Str+4}
   (Okawaru gifted it to you on level 15 of the Dungeon)

   Str:       It affects your strength (+4).
   rPois:     It protects you from poison.
   -Tele:     It prevents most forms of teleportation.
   Regen:     It increases your rate of health regeneration.
Jewellery
 c - the ring "Ven Tidgh" (right tentacle) {rN+ Slay+4}
   (You acquired it on level 3 of the Dungeon)

   [ring of slaying]

   Slay:      It affects your accuracy & damage with ranged weapons and melee
   (+4).
   rN:        It protects you from negative energy.
 e - an amulet of guardian spirit (around mantle)
 j - a +6 ring of strength (left tentacle)
 t - an amulet of reflection
 z - an amulet of magic regeneration
Wands
 a - a wand of roots (14)
 o - a wand of flame (17)
 A - a wand of polymorph (6)
 C - a wand of acid (17)
Scrolls
 d - 15 scrolls of identify
 k - a scroll of enchant armour
 m - 3 scrolls of amnesia
 r - a scroll of teleportation
 u - 3 scrolls of blinking
 w - 3 scrolls of enchant weapon
Potions
 b - a potion of ambrosia
 g - a potion of magic
 h - 4 potions of heal wounds
 i - 3 potions of brilliance
 l - 5 potions of mutation
 q - a potion of resistance {unknown}
 s - 2 potions of flight
 x - a potion of might
 B - 4 potions of curing


   Skills:
 + Level 11.2 Fighting
 + Level 14.6 Maces & Flails
 + Level 11.3 Dodging
 - Level 5.4 Stealth
 * Level 10.5 Shields
 - Level 10.0 Invocations


You had 13 spell levels left.
You didn't know any spells.
Your spell library contained the following spells:

 Spells                   Type           Power      Damage    Failure   Level
 Beastly Appendage        Tmut           0%         N/A       50%         1
 Foxfire                  Conj/Fire      0%         2x1d4     50%         1
 Sandblast                Erth           0%         2d4       50%         1
 Shock                    Conj/Air       0%         1d3       50%         1
 Ensorcelled Hibernation  Hex/Ice        0%         N/A       63%         2
 Passwall                 Tmut/Erth      0%         N/A       63%         2
 Static Discharge         Conj/Air       0%         3-3/arc   63%         2
 Wereblood                Tmut           0%         N/A       63%         2
 Conjure Flame            Conj/Fire      0%         6-21      86%         3
 Ignite Poison            Fire/Tmut/Pois 0%         N/A       86%         3
 Inner Flame              Hex/Fire       0%         N/A       86%         3
 Spider Form              Tmut/Pois      0%         N/A       86%         3
 Stone Arrow              Conj/Erth      0%         3d7       86%         3
 Swiftness                Air            0%         N/A       86%         3
 Airstrike                Air            0%         2d(0-16)  99%         4
 Dispel Undead            Necr           0%         3d6       99%         4
 Flame Wave               Conj/Fire      0%         2d4       99%         4
 Sticky Flame             Conj/Fire      0%         2d3       99%         4


Dungeon Overview and Level Annotations

Branches:
Dungeon (15/15)            Temple (1/1) D:4            Lair (1/5) D:10
    Orc (2/2) D:9             Elf (1/3) Orc:2        Vaults (0/5) D:14
 Depths: D:15

Altars:
Ashenzari
Cheibriados
Dithmenos
Elyvilon
Fedhas
Gozag
Hepliaklqana
Kikubaaqudgha
Makhleb
Nemelex Xobeh
Okawaru
Qazlal
Ru
Sif Muna
Trog
Uskayaw
Vehumet
Wu Jian
Xom
Yredelemnul
Zin
The Shining One

Shops:
D:6 :(*(*   D:10 [*   D:11 (   D:13 (   Orc:1 ?   Orc:2 ?!=(

Portals:
Trove: D:12 (give 6 scrolls of fog)

Annotations:
D:3 2 transporters
D:14 Roxanne
Lair:1 Amaemon


Innate Abilities, Weirdness & Mutations

You cannot wear most types of armour.
You are amphibious.
You can wear up to eight rings at the same time.
Your skin changes colour to match your surroundings (Stealth+).
Your rubbery body absorbs attacks. (AC +1, EV +1)
((You are camouflaged when in or above water. (Stealth+)))
You have tentacles for arms and can constrict up to eight enemies at once.
You possess an exceptional clarity of mind.
Your mind is acute. (Int +4, Str/Dex -1)
You are weak. (Str -2)


Message History

An exit appears.
The rust devil disappears in a puff of smoke!
Unknown command.
You start resting.
Okawaru bids you farewell from the Arena.
You start resting.
The spectator jeers repeatedly at you.
You are returned from the Arena.
Welcome back to the Dungeon!
You feel a wave of frost pass over you.
There is an entrance to an ice cave on this level.
Hurry and find it before the portal melts!
You hear the steady crackling of a very distant melting archway.
A necromancer comes into view. It is wielding a +0 dagger.
You block the deep troll's attack. The deep troll completely misses you.
You block the deep troll's attack.
The necromancer moves out of view.
You cannot teleport because you are wearing the +3 kite shield "Rozuc" {-Tele rPois Regen+ Str+4}.
The deep troll attacks as you move away!
The deep troll bites you! You block the deep troll's attack. x2
The tengu warrior unwields a +0 arbalest.
The tengu warrior wields a +0 long sword.
The tengu warrior hits you with a +0 long sword!!
* * * LOW HITPOINT WARNING * * *
The tengu warrior closely misses you. The tengu warrior claws you.
* * * LOW HITPOINT WARNING * * *
The necromancer hits you with a +0 dagger.
* * * LOW HITPOINT WARNING * * *
You feel better.
You block the tengu warrior's attack. x3
The necromancer completely misses you. The deep troll barely misses you.
The deep troll claws you!
* * * LOW HITPOINT WARNING * * *
The deep troll completely misses you.
You feel better.
You block the tengu warrior's attack. x3
The necromancer closely misses you. The deep troll bites you!!
* * * LOW HITPOINT WARNING * * *
The deep troll completely misses you. You block the deep troll's attack.
You feel better.
You block the tengu warrior's attack. x2
The tengu warrior closely misses you. The deep troll bites you!
* * * LOW HITPOINT WARNING * * *
The deep troll misses you. You block the deep troll's attack.
The necromancer hits you with a +0 dagger.
You die...

.##.......#.....#
..........#.....# ..
###.......####### .
.##...8.........# .#
..............#####.# .
..............#.....#..
.##.......##..#..#.#.#
.##...#...##..#T#p..#
..............#.@...#
...............Q#..⌠#
.##..##...#.####.####........#
.##..##...#.# ..#............#
.....###'##.#... .#..........#
.....#......#.. ##.........#
.....#...#.#.# #.........#
.##..#......# #.........#
.##..#....).# #.........#


You could see a tengu warrior, a deep troll and a necromancer.

Vanquished Creatures
  2 orc warlords
  An ettin (Orc:2)
  Josephine (D:14)
  A fire dragon (D:14)
  3 ogre magi (Orc:2)
  2 centaur warriors
  2 hydras
  2 boulder beetles (D:11)
  4 tengu warriors
  2 two-headed ogres (D:10)
  Urug (D:11)
  Nergalle (Orc:2)
  Pikel (D:6)
  2 wizards
  3 deep elf pyromancers
  8 ugly things
  A wolf spider (D:13)
  A necromancer (D:15)
  An orc knight (Orc:2)
  11 orc sorcerers
  8 cyclopes
  3 manticores
  Joseph (D:7)
  An unseen horror (D:11)
  2 cane toads (Lair:1)
  5 komodo dragons
  2 efreet
  2 komodo dragons (shapeshifter) (D:13)
  A hornet (D:9)
  5 trolls
  Prince Ribbit (D:8)
  10 slime creatures
  2 wyverns (D:10)
  8 wraiths
  2 vampires
  A shadow (D:13)
  A basilisk (D:10)
  17 yaks
  2 steam dragons
  4 vampire mosquitoes
  4 wargs
  6 water moccasins
  A warg (shapeshifter) (D:14)
  4 acid dragons
  An ice beast (D:15)
  25 orc warriors
  2 sky beasts
  2 meliai simulacra (D:15)
  A black bear (D:6)
  9 ogres
  3 centaurs
  A wolf (D:15)
  2 phantoms
  A lemure (D:6)
  2 kobold brigands
  2 bullfrogs
  2 gnoll sergeants
  2 scorpions
  A necrophage (D:6)
  6 wights
  6 killer bees (D:8)
  8 howler monkeys
  3 hounds
  2 jellies
  15 orc priests
  2 gnoll boudas
  Ijyb (D:4)
  5 iguanas
  Natasha (thrice) (D:2)
  33 orc wizards
  A boggart simulacrum (D:15)
  18 gnolls
  5 adders
  3 white imps
  6 ufetubi
  A worm (D:4)
  3 dart slugs
  79 orcs
  2 ball pythons (D:2)
  3 bat zombies (D:11)
  6 endoplasms
  A giant cockroach (D:4)
  9 goblins
  7 hobgoblins
  7 jackals
  19 kobolds
  4 quokkas
  7 bats
  3 frilled lizards
  7 rats
474 creatures vanquished.

Vanquished Creatures (others)
  A fungus (Lair:1)
  A plant (Lair:1)
2 creatures vanquished.

Grand Total: 476 creatures vanquished

Notes
Turn   | Place    | Note
-------+----------+-------------------------------------------
     0 | D:1      | swilekon the Octopode Monk began the quest for the Orb.
     0 | D:1      | Reached XP level 1. HP: 16/16 MP: 1/1
    71 | D:1      | Reached XP level 2. HP: 3/21 MP: 2/2
   788 | D:1      | Found a faded altar of an unknown god.
   804 | D:1      | Reached XP level 3. HP: 22/26 MP: 3/3
  1353 | D:2      | Noticed Natasha
  1360 | D:2      | Killed Natasha
  1361 | D:2      | Reached XP level 4. HP: 15/31 MP: 4/4
  1745 | D:2      | Noticed Natasha
  1765 | D:2      | Killed Natasha
  1766 | D:2      | Reached skill level 4 in Maces & Flails
  1924 | D:2      | Reached XP level 5. HP: 36/36 MP: 5/5
  2113 | D:2      | Noticed Natasha
  2125 | D:2      | Killed Natasha
  2361 | D:3      | Identified a scroll of acquirement
  2361 | D:3      | Acquired the ring "Ven Tidgh" {rN+ Slay+4}
  2395 | D:3      | Found a transporter.
  2448 | D:3      | Found a transporter.
  3266 | D:3      | Reached XP level 6. HP: 29/43 MP: 4/6
  3749 | D:4      | Found a staircase to the Ecumenical Temple.
  3760 | Temple   | Entered the Ecumenical Temple
  3760 | Temple   | Found a transporter.
  3760 | Temple   | Found a transporter.
  3762 | Temple   | Found a transporter.
  3762 | Temple   | Found a transporter.
  3826 | Temple   | Became a worshipper of Warmaster Okawaru
  3826 | Temple   | Reached * piety under Okawaru
  3826 | Temple   | Reached ** piety under Okawaru
  3867 | D:4      | Noticed Ijyb
  3881 | D:4      | Killed Ijyb
  3911 | D:4      | Reached skill level 5 in Maces & Flails
  3963 | D:4      | Reached skill level 5 in Stealth
  4112 | D:4      | Noticed a water moccasin
  4119 | D:4      | Killed a water moccasin
  4120 | D:4      | Reached XP level 7. HP: 41/49 MP: 5/7
  4371 | D:4      | Reached skill level 6 in Maces & Flails
  4772 | D:5      | Entered Level 5 of the Dungeon
  4939 | D:5      | Reached *** piety under Okawaru
  4940 | D:5      | Reached skill level 5 in Fighting
  4940 | D:5      | Reached skill level 5 in Dodging
  4940 | D:5      | Reached XP level 8. HP: 51/55 MP: 6/8
  5278 | D:5      | Reached skill level 7 in Maces & Flails
  6152 | D:5      | Reached skill level 1 in Shields
  6342 | D:5      | Reached **** piety under Okawaru
  6412 | D:6      | Found Malav's Antique Weapon Boutique.
  6413 | D:6      | Found Uxzegat's Book Shoppe.
  6425 | D:6      | Found Qotwuff's Antique Weapon Shoppe.
  6447 | D:6      | Reached skill level 8 in Maces & Flails
  6447 | D:6      | Reached XP level 9. HP: 62/62 MP: 9/9
  6648 | D:6      | Reached skill level 1 in Invocations
  6969 | D:6      | Bought a scorched flail for 238 gold pieces
  6969 | D:6      | Identified the +8 flail of Unreason {freeze, +Blink Dex+5}
                  | (You bought it in a shop on level 6 of the Dungeon)
  7053 | D:6      | Found Corileing's General Store.
  7471 | D:6      | Found a shimmering blue altar of Sif Muna.
  7655 | D:6      | Found Byguwus's General Store.
  7908 | D:7      | Noticed Pikel
  7927 | D:6      | Killed Pikel
  7927 | D:6      | Reached ***** piety under Okawaru
  7928 | D:6      | Reached skill level 9 in Maces & Flails
  8364 | D:7      | Noticed Joseph
  8373 | D:7      | Killed Joseph
  8373 | D:7      | Identified the -1 hat of Okawaru's Anger {Dex+4 Stlth+}
                  | (Okawaru gifted it to you on level 7 of the Dungeon)
  8373 | D:7      | Received a gift from Okawaru
  8374 | D:7      | Reached XP level 10. HP: 69/69 MP: 12/12
  9597 | D:8      | Found a hazy altar of Hepliaklqana.
  9605 | D:8      | Found a snail-covered altar of Cheibriados.
  9610 | D:8      | Found a shimmering altar of Xom.
  9621 | D:8      | Found a shadowy altar of Dithmenos.
  9628 | D:8      | Found an ancient bone altar of Kikubaaqudgha.
  9634 | D:8      | Found a hide-covered altar of Uskayaw.
  9641 | D:8      | Found a glowing silver altar of Zin.
 10065 | D:8      | Reached skill level 10 in Maces & Flails
 10322 | D:8      | Noticed Prince Ribbit
 10329 | D:8      | Killed Prince Ribbit
 10698 | D:9      | Found a staircase to the Orcish Mines.
 10990 | D:9      | Reached skill level 5 in Shields
 10990 | D:9      | Reached skill level 5 in Invocations
 10991 | D:9      | Gained mutation: You possess an exceptional clarity of
                  | mind. [potion of mutation]
 10991 | D:9      | Gained mutation: You are weak. (Str -2) [potion of
                  | mutation]
 10991 | D:9      | Gained mutation: Your mind is acute. (Int +4, Str/Dex -1)
                  | [potion of mutation]
 11006 | D:9      | HP: 3/72 [orc priest/+2 vorpal hand axe (2)]
 11010 | D:9      | Reached XP level 11. HP: 3/76 MP: 1/14
 11865 | D:9      | Reached skill level 11 in Maces & Flails
 12556 | D:10     | Entered Level 10 of the Dungeon
 12564 | D:10     | Noticed a four-headed hydra
 12734 | D:10     | Identified the +9 mace of Keuhis {drain, rElec Will+ Dex+2}
                  | (Okawaru gifted it to you on level 10 of the Dungeon)
 12734 | D:10     | Received a gift from Okawaru
 12844 | D:10     | Noticed a two-headed ogre
 12848 | D:10     | Killed a two-headed ogre
 13201 | D:10     | Noticed a wizard
 13205 | D:10     | Killed a wizard
 13280 | D:10     | Noticed a two-headed ogre
 13288 | D:10     | Killed a two-headed ogre
 13511 | D:10     | Found Faah's Armour Shoppe.
 13523 | D:10     | Found Kyloz's Assorted Antiques.
 13529 | D:10     | Found a bloodstained altar of Trog.
 13707 | D:10     | Killed a four-headed hydra
 15065 | D:10     | Found a staircase to the Lair.
 15248 | Orc:1    | Entered Level 1 of the Orcish Mines
 15376 | Orc:1    | Found Elaofiv's Magic Scroll Shoppe.
 15600 | Orc:1    | Reached skill level 12 in Maces & Flails
 15613 | Orc:1    | Bought a scroll of teleportation for 42 gold pieces
 15613 | Orc:1    | Bought a scroll of teleportation for 42 gold pieces
 15613 | Orc:1    | Bought a scroll of teleportation for 42 gold pieces
 15886 | Orc:1    | Reached XP level 12. HP: 72/84 MP: 13/17
 15973 | Orc:1    | Noticed an orc warlord
 15976 | Orc:1    | Received a gift from Okawaru
 15993 | Orc:1    | Killed an orc warlord
 16080 | Orc:1    | Paralysed by an orc sorcerer for 5 turns
 16660 | Orc:2    | Entered Level 2 of the Orcish Mines
 16809 | Orc:2    | Found a staircase to the Elven Halls.
 17257 | Orc:2    | Noticed an ettin
 17269 | Orc:2    | Killed an ettin
 17900 | Orc:2    | Noticed an orc warlord
 19459 | Orc:2    | Killed an orc warlord
 19945 | Orc:2    | Noticed an ogre mage
 21904 | Orc:2    | Killed an ogre mage
 21905 | Orc:2    | Reached skill level 13 in Maces & Flails
 22416 | Orc:2    | Found a radiant altar of Vehumet.
 22423 | Orc:2    | Noticed an ogre mage
 22425 | Orc:2    | Reached ****** piety under Okawaru
 23370 | Orc:2    | Paralysed by an orc sorcerer for 4 turns
 23807 | Orc:2    | Reached XP level 13. HP: 44/91 MP: 9/19
 24004 | Orc:2    | Found an ancient bone altar of Kikubaaqudgha.
 24005 | Orc:2    | Noticed Nergalle
 24029 | Orc:2    | Killed Nergalle
 24127 | Orc:2    | Found Akked's Jewellery Emporium.
 24666 | Orc:2    | Found Kuyl's Antique Weapon Emporium.
 25484 | Orc:2    | Found Oliary's Magic Scroll Shoppe.
 25492 | Orc:2    | Found Xomp's Distillery.
 25610 | Orc:2    | Bought a potion of curing for 45 gold pieces
 25610 | Orc:2    | Bought a potion of curing for 45 gold pieces
 25610 | Orc:2    | Bought a potion of heal wounds for 75 gold pieces
 25610 | Orc:2    | Bought 2 potions of heal wounds for 150 gold pieces
 25713 | Elf:1    | Entered Level 1 of the Elven Halls
 25870 | Lair:1   | Entered Level 1 of the Lair of Beasts
 26090 | Lair:1   | Noticed Amaemon
 26390 | D:11     | Reached skill level 10 in Fighting
 26390 | D:11     | Reached skill level 10 in Dodging
 26419 | D:11     | Found Ijoeffi's Weapon Emporium.
 26687 | D:11     | You fall into a shaft and drop 3 floors!
 26799 | D:13     | Found Meuff's Antique Weapon Emporium.
 26876 | D:11     | Identified the -1 buckler of Plasticity {Dex+5} (Okawaru
                  | gifted it to you on level 11 of the Dungeon)
 26876 | D:11     | Received a gift from Okawaru
 27053 | D:11     | Found an ancient bone altar of Kikubaaqudgha.
 27464 | D:11     | Noticed Urug
 27474 | D:11     | Killed Urug
 28144 | D:12     | Reached skill level 14 in Maces & Flails
 28385 | D:12     | Found a portal to a secret trove of treasure.
 30055 | D:13     | Reached skill level 10 in Invocations
 30462 | D:13     | Identified the +12 tower shield of the Sun {rN+} (Okawaru
                  | gifted it to you on level 13 of the Dungeon)
 30462 | D:13     | Received a gift from Okawaru
 30718 | D:13     | Identified the +0 leather armour of the Modern Ears
                  | {Rampage Dex+4 Stlth+}
 30747 | D:13     | Found a shadowy altar of Dithmenos.
 30969 | D:14     | Reached XP level 14. HP: 69/99 MP: 18/21
 31282 | D:14     | Noticed Josephine
 31305 | D:14     | Killed Josephine
 31500 | D:14     | Found a radiant altar of Vehumet.
 32121 | D:14     | Reached skill level 10 in Shields
 32403 | D:14     | Found a gate to the Vaults.
 32691 | D:14     | Identified Roxanne's Lessons on the Caves
 32691 | D:14     | Noticed Roxanne
 32815 | D:15     | Entered Level 15 of the Dungeon
 33163 | D:15     | Identified the +3 kite shield "Rozuc" {-Tele rPois Regen+
                  | Str+4} (Okawaru gifted it to you on level 15 of the
                  | Dungeon)
 33163 | D:15     | Received a gift from Okawaru
 33267 | Arena    | Entered the Arena
 33267 | Arena    | Paralysed by an orc sorcerer for 2 turns
 33300 | D:15     | HP: 2/101 [deep troll (20)]
 33301 | D:15     | Slain by a necromancer

Illustrated notes

Levels and vault maps discovered:
D:1:      mrwooster_arrival_statue_2, layout_rooms,
          hellmonk_ecumenical_altar_arch_garden
D:2:      layout_basic, uniq_natasha
D:3:      gammafunk_steamed_eel, layout_loops_corners, grunt_decor_mini_mirrors,
          grunt_ministairs_2
D:4:      layout_cave_pools, temple_pool_b, uniq_ijyb
D:5:      layout_basic, serial_co_window_serial, co_window_paths_a,
          co_window_cross_1, co_window_of_opportunity_a, co_window_paths_b,
          co_window_corner_a, co_window_2corner, co_window_paths_c,
          co_window_corner_b, co_window_2corner, glass_columns_b,
          glass_columns_a, glass_columns_a, minmay_puff
D:6:      layout_loops_cross, lemuel_blue_sif_altar, serial_shops,
          nicolae_shop_behind_doors, shop_statue, nicolae_shop_stone,
          nicolae_shop_crystal, shop, hangedman_decor_growths
D:7:      layout_layer_cave, uniq_pikel, uniq_joseph
D:8:      layout_rooms, grunt_temple_overflow_octagram,
          minmay_misc_feat_ornament, patterned_corridor, uniq_prince_ribbit1
D:9:      layout_loops_corners, david_orc_5
D:10:     layout_roguey, mainiacjoe_overflow_boulevard, erik_lair_dragon,
          serial_shops, shop, nicolae_inconvenience_store
D:11:     layout_basic, serial_shops, nicolae_shop_bloodbath_and_beyond,
          lemuel_zombie_altar_kikubaaqudgha, uniq_urug
D:12:     layout_rooms, nicolae_trove_entry_crossroad
D:13:     layout_cave_pools, serial_shops, shop_statue, grunt_dithmenos_smoke
D:14:     layout_gridville, david_vaults_4, chequers_serial_rivers_micro_c,
          vehumet_crystals, uniq_josephine, uniq_roxanne
D:15:     hangedman_depths_entry_civil_slaughter, layout_gridville, serial_ice,
          serial_ice_l, serial_ice_g, serial_ice_o, serial_ice_e, serial_ice_m,
          serial_ice_a, serial_ice_d, serial_ice_c, serial_ice_b, serial_ice_h,
          portal_ice_cave_entry_pillars_1, zin_statuary, uniq_louise
Temple:   hellmonk_temple_divided_pantheon
Lair:1:   layout_misc_corridors, lemuel_fruit_tree, infiniplex_staircase_pool_2,
          uniq_gastronok, uniq_amaemon
Orc:1:    layout_caves, serial_shops, shop
Orc:2:    kennysheep_orc_mage_school, layout_caves
Elf:1:    eino_elf_arrival_altar, layout_gridlike, minivault_28

Skill      XL: |  1  2  3  4  5  6  7  8  9 10 11 12 13 14 |
---------------+-------------------------------------------+-----
Stealth        | 3 4 5 |  5.4
Maces & Flails | 4 5 6 8 9 10 12 13 14 | 14.6
Fighting       | 4 5 6 7 8 9 10 11 | 11.2
Dodging        | 4 5 6 7 8 9 10 11 | 11.3
Shields        | 1 3 5 6 7 9 10 | 10.5
Invocations    | 3 5 6 8 10 | 10.0

Action                   |  1- 3 |  4- 6 |  7- 9 | 10-12 | 13-15 || total
-------------------------+-------+-------+-------+-------+-------++-------
Melee: Mace              |    73 |    92 |   104 |       |    13 ||   282
       Constrict         |    23 |    18 |    35 |    70 |    40 ||   186
       Tentacles         |    20 |    11 |    32 |   104 |   116 ||   283
       Punch             |       |     1 |     3 |     5 |     3 ||    12
       Flail             |       |       |    45 |   441 |   340 ||   826
Invok: Finesse           |       |       |       |       |     1 ||     1
       Duel              |       |       |       |       |     1 ||     1
 Abil: Evoke Blink       |       |       |       |     1 |     1 ||     2
  Use: Scroll            |       |     7 |     4 |     9 |     5 ||    25
       Potion            |       |     2 |       |     9 |     4 ||    15
 Stab: Sleeping          |     6 |    11 |    10 |    10 |    18 ||    55
       Distracted        |       |     1 |       |     4 |     3 ||     8
Armor: Skin              |    10 |    16 |    22 |       |       ||    48
Dodge: Dodged            |    75 |    61 |    63 |   235 |   138 ||   572
Block: Buckler           |       |       |    16 |   110 |    51 ||   177
       Tower shield      |       |       |       |       |   150 ||   150
       Kite shield       |       |       |       |       |    24 ||    24
